Map: Usina Ácida LE

Players

Iñaiña

  • Race: Terran Terran
  • Spawn Location: 11:00

IagoAbreu - Winner!

  • Race: Zerg Zerg
  • League: Silver
  • Spawn Location: 5:00

VOD

Have the link to the VOD?

Description

Time

  • Played on: March 9, 2018, 11:23 a.m.
  • Length: 3:49
Show
View Real Time Build Order
Export as new Build Order

Iñaiña Terran 

Build Orders:  

Get SALT Encoding   

  12  0:01  SCV  
  13  0:16  SCV  
  14  0:26  Supply Depot  
  14  0:32  SCV  
  15  0:47  SCV  
  16  0:50  Barracks  
  16  0:55  Refinery  
  16  0:59  SCV  
  17  1:12  SCV  
  18  1:24  SCV  
  19  1:36  SCV  
  20  1:48  SCV, Command Center  
  21  1:58  Refinery  
  21  2:02  SCV  
  21  2:05  Barracks Reactor  
  23  2:19  Orbital Command  
  22  2:30  Supply Depot  
  22  2:37  Factory  
  22  2:45  SCV  
  23  2:52  Reaper x2  
  23  2:57  SCV  
  25  3:00  Supply Depot  
  25  3:09  SCV  
  26  3:23  Hellion  
  28  3:29  Marine  
Show
View Real Time Build Order
Export as new Build Order

IagoAbreu Zerg - Winner!

Build Orders: Pool First 

Get SALT Encoding   

  12  0:19  Spawning Pool  
  11  0:22  Drone  
  11  0:28  Drone  
  13  0:35  Overlord  
  13  0:41  Drone  
  14  0:52  Extractor  
  14  0:53  Drone  
  14  0:58  Overlord  
  14  1:10  Queen  
  16  1:16  Drone  
  17  1:22  Drone  
  18  1:31  Drone  
  19  1:39  Zergling x2  
  20  1:54  Zergling x2  
  22  2:01  Zergling x2  
  22  2:02  Metabolic Boost  
  22  2:10  Roach Warren  
  22  2:15  Zergling x2  
  22  2:21  Zergling x4  
  22  2:22  Zergling x2  
  25  2:29  Zergling x2  
  26  2:36  Zergling x2  
  27  2:42  Hatchery  
  26  3:05  Zergling x8  
Tags
 
Add a new tag
Caveats
  • Supply blocks, unpowered buildings, or Contaminate may cause inaccurate times.
  • Supply counts are checked every 10 seconds.